 Dungeon Crawl Stone Soup version 0.25-a0-251-g572059c (webtiles) character file.

Game seed: 11776625414137764863, levelgen mode: deterministic

5924 HungryMoth the Transmogrifier (level 10, 0/84 HPs)
             Began as a Black Draconian Transmuter on Dec 4, 2019.
             Was a Believer of Wu Jian.
             Slain by a hornet (12 damage)
             ... on level 10 of the Dungeon.
             The game lasted 00:29:35 (11182 turns).

HungryMoth the Transmogrifier (DrTm)               Turns: 11182, Time: 00:29:36

Health: 0/84       AC:  7    Str: 14    XL:     10   Next: 53%
Magic:  11/17      EV: 15    Int: 14    God:    Wu Jian [**....]
Gold:   201        SH:  0    Dex: 13    Spells: 4/19 levels left

rFire    . . .     SeeInvis .     - Unarmed
rCold    . . .     Gourm    .   (shield currently unavailable)
rNeg     . . .     Faith    .   (armour unavailable)
rPois    +         Spirit   .   (helmet restricted)
rElec    +         Reflect  .   (no cloak)
rCorr    .         Harm     .   (gloves currently unavailable)
MR       .....                  (no boots)
Stlth    +.........             (no amulet)
HPRegen  0.24/turn              E - ring of poison resistance
MPRegen  0.15/turn              z - ring of wizardry

@: blade hands
A: breathe lightning, unfitting armour, electricity resistance, cold-blooded, AC
+7
a: Breathe Lightning, End Transformation, Wall Jump, Renounce Religion


You were on level 10 of the Dungeon.
You worshipped Wu Jian.
Wu Jian was pleased with you.
You were hungry.
You had blades for hands.
You visited 2 branches of the dungeon, and saw 11 of its levels.

You collected 381 gold pieces.
You spent 180 gold pieces at shops.

Inventory:

Missiles
 a - 152 arrows
Armour
 p - a +0 pair of gloves (melded)
Jewellery
 e - an uncursed ring of see invisible
 t - a +2 ring of intelligence
 z - a ring of wizardry (right scythe-like blade)
 E - a ring of poison resistance (left scythe-like blade)
 O - an uncursed ring of protection from cold
 T - an uncursed ring of protection from cold
 V - an uncursed ring of protection from magic
Wands
 j - a wand of clouds (3)
 C - a wand of acid (5)
 F - a wand of random effects (15)
Scrolls
 k - a scroll of enchant weapon
 y - a scroll of magic mapping
 A - a scroll of amnesia
 B - 2 scrolls of fear
 J - 3 scrolls of immolation {unknown}
 R - a scroll of remove curse
 S - 2 scrolls of teleportation {unknown}
 X - a scroll of silence {unknown}
Potions
 h - 7 potions of curing
 i - 2 potions of haste
 r - 2 potions of mutation
 s - a potion of lignification
 u - 3 potions of heal wounds
 H - a potion of magic
 K - a potion of brilliance
 L - a potion of invisibility
 P - a potion of ambrosia
 U - 2 potions of might
Comestibles
 c - 10 rations
 W - 4 chunks of flesh


   Skills:
 + Level 6.7 Fighting
 + Level 6.1 Dodging
 + Level 6.3 Unarmed Combat
 - Level 5.0 Spellcasting
 - Level 11.0 Transmutations


You had 4 spell levels left.
You knew the following spells:

 Your Spells              Type           Power        Failure   Level  Hunger
a - Beastly Appendage     Tmut           ####..       3%          1    None
b - Sticks to Snakes      Tmut           ####....     4%          2    ##.....
c - Spider Form           Tmut/Pois      ###.......   14%         3    ###....
d - Blade Hands           Tmut           ####......   14%         5    ######.
e - Ice Form              Ice/Tmut       ###.....     30%         4    ####...

Your spell library contained the following spells:

 Spells                   Type           Power        Failure   Level  Hunger
 Animate Skeleton         Necr           N/A          28%         1    None
 Apportation              Tloc           #.....       28%         1    None
 Confusing Touch          Hex            #.....       28%         1    None
 Corona                   Hex            #......      28%         1    None
 Infusion                 Chrm           #...         28%         1    None
 Summon Small Mammal      Summ           #...         28%         1    None
 Ensorcelled Hibernation  Hex/Ice        #.....       36%         2    ##.....
 Shroud of Golubria       Chrm/Tloc      #.....       36%         2    ##.....
 Song of Slaying          Chrm           #.......     36%         2    ##.....
 Confuse                  Hex            #.......     52%         3    ###....
 Dazzling Flash           Conj/Hex       #.....       52%         3    ###....
 Regeneration             Chrm/Necr      #.........   52%         3    ###....
 Spectral Weapon          Hex/Chrm       #.......     52%         3    ###....
 Tukima's Dance           Hex            #.......     52%         3    ###....


Dungeon Overview and Level Annotations

Branches:
Dungeon (10/15)            Temple (1/1) D:7
   Lair: D:8-11         Orc: D:9-12

Altars:
Ashenzari
Cheibriados
Dithmenos
Elyvilon
Fedhas
Gozag
Hepliaklqana
Kikubaaqudgha
Makhleb
Nemelex Xobeh
Okawaru
Qazlal
Ru
Sif Muna
Trog
Uskayaw
Vehumet
Wu Jian
Xom
Yredelemnul
Zin
The Shining One

Shops:
D:6 *   D:8 *([   D:9 =

Annotations:
D:6 Blork the orc


Innate Abilities, Weirdness & Mutations

You can breathe wild blasts of lightning.
Your glossy black scales are hard. (AC +7)
You cannot fit into any form of body armour.
You are resistant to electric shocks. (rElec)
You are cold-blooded and may be slowed by cold attacks.


Message History

The Council accepts your kill.
The hornet stings you but does no damage.
The hornet barely misses you.
You see here a killer bee corpse.
You closely miss the hornet.
The hornet is heavily wounded.
The hornet closely misses you.
You barely miss the hornet.
The hornet is heavily wounded.
The hornet stings you!
* * * LOW HITPOINT WARNING * * *
You feel yourself slow down.
You feel better. The hornet stings you!
* * * LOW HITPOINT WARNING * * *
The hornet misses you.
You slash the hornet! Your slash misses the hornet.
The hornet is severely wounded.
You feel yourself speed up. The hornet closely misses you.
The hornet stings you!
You die...

#.......................
#.......................
........................
.......................
........#######.######
###.....'.....#.+
#.....#.....#.#
#[.y..#.....#.#
#.†@..#.....# #####
#[.†..#.....# ......
........†.#.....# ......
..........+.....# ......
...........#######
###### ............
#..... .....######..
#..... ..... ... #...##
### .... #..###


You could see a hornet.

Vanquished Creatures
  A two-headed ogre (D:10)
  A cyclops (D:10)
  2 gargoyles (D:10)
  2 trolls
  A hippogriff (D:9)
  An orc warrior (D:7)
  2 ice beasts (D:8)
  4 sky beasts
  3 ogres
  6 centaurs
  A crocodile (D:7)
  6 bullfrogs
  A wyvern skeleton (D:10)
  6 scorpions
  10 killer bees
  5 howler monkeys
  5 crimson imps
  A quasit (D:7)
  A jelly (D:9)
  A centaur zombie (D:8)
  4 hounds
  3 orc priests
  2 bullfrog skeletons (D:10)
  4 orc wizards
  An iguana (D:6)
  4 worker ants
  A hound zombie (D:7)
  A gnoll (D:1)
  13 adders
  2 shadow imps
  An ooze (D:2)
  3 adder zombies
  3 adder skeletons
  2 worms
  A dart slug (D:1)
  6 leopard geckos
  26 orcs
  2 ball pythons
  4 giant cockroaches
  7 goblins
  3 hobgoblins
  7 jackals
  6 kobolds
  2 quokkas
  5 bats
  3 frilled lizards
  A jackal skeleton (D:7)
  A leopard gecko skeleton (D:5)
  A quokka skeleton (D:6)
  8 rats
187 creatures vanquished.

Vanquished Creatures (collateral kills)
  A jackal (D:4)
  A kobold (D:1)
2 creatures vanquished.

Grand Total: 189 creatures vanquished

Notes
Turn   | Place    | Note
-------+----------+-------------------------------------------
     0 | D:1      | HungryMoth the Draconian Transmuter began the quest for the
                  | Orb.
     0 | D:1      | Reached XP level 1. HP: 16/16 MP: 3/3
    98 | D:1      | Reached XP level 2. HP: 6/23 MP: 3/5
   332 | D:1      | Learned a level 2 spell: Sticks to Snakes
   670 | D:1      | HP: 1/24 [gnoll/+0 spear (6)]
  1094 | D:1      | Reached XP level 3. HP: 29/29 MP: 4/6
  1385 | D:1      | Learned a level 3 spell: Spider Form
  2893 | D:3      | Reached XP level 4. HP: 37/37 MP: 5/7
  3158 | D:3      | Found a faded altar of an unknown god.
  4161 | D:4      | Reached XP level 5. HP: 45/45 MP: 3/8
  4526 | D:4      | Noticed an ogre
  4534 | D:4      | Killed an ogre
  4534 | D:4      | Reached XP level 6. HP: 39/52 MP: 5/9
  5062 | D:4      | Reached skill level 5 in Unarmed Combat
  5340 | D:5      | Entered Level 5 of the Dungeon
  5345 | D:5      | Found a shadowy altar of Dithmenos.
  5493 | D:5      | Your scales start taking on a glossy black colour.
  5493 | D:5      | Reached XP level 7. HP: 59/60 MP: 3/10
  5493 | D:5      | Gained mutation: You are resistant to electric shocks.
                  | (rElec) [Black Draconian growth]
  5620 | D:5      | Reached skill level 5 in Fighting
  5786 | D:5      | Found a hazy altar of Hepliaklqana.
  5788 | D:5      | Found a snail-covered altar of Cheibriados.
  5932 | D:5      | Reached skill level 5 in Dodging
  6262 | D:6      | Noticed Blork the orc
  6704 | D:6      | Reached skill level 3 in Transmutations
  6856 | D:6      | Reached XP level 8. HP: 32/68 MP: 10/13
  7114 | D:6      | Reached skill level 4 in Transmutations
  7278 | D:6      | Learned a level 5 spell: Blade Hands
  7283 | D:6      | Learned a level 4 spell: Ice Form
  7375 | D:6      | Found Kukk's General Store.
  7381 | D:6      | Bought a potion of agility for 60 gold pieces
  7381 | D:6      | Bought a potion of magic for 120 gold pieces
  7852 | D:7      | Found a staircase to the Ecumenical Temple.
  7871 | Temple   | Entered the Ecumenical Temple
  7943 | Temple   | Became a worshipper of the Wu Jian Council
  8059 | D:7      | Reached skill level 5 in Transmutations
  8157 | D:7      | Reached skill level 5 in Spellcasting
  8266 | D:7      | Reached skill level 6 in Transmutations
  8647 | D:7      | Reached skill level 7 in Transmutations
  8647 | D:7      | Reached XP level 9. HP: 68/74 MP: 13/16
  8964 | D:8      | Found Kiminuir's General Store.
  9110 | D:8      | Reached skill level 8 in Transmutations
  9191 | D:8      | Found Buyhaisa's Weapon Shoppe.
  9203 | D:8      | Found Erooxoerph's Antique Armour Emporium.
  9236 | D:8      | Reached * piety under Wu Jian
  9285 | D:8      | Found a sparkling altar of Nemelex Xobeh.
  9286 | D:8      | Found an opulent altar of Gozag.
  9289 | D:8      | Reached skill level 9 in Transmutations
  9764 | D:9      | Noticed a troll
  9768 | D:9      | Killed a troll
  9801 | D:9      | Reached skill level 10 in Transmutations
 10039 | D:9      | Found Ytulyrry's Jewellery Shop.
 10101 | D:9      | Found a shimmering altar of Xom.
 10102 | D:9      | Found an ancient bone altar of Kikubaaqudgha.
 10271 | D:10     | Entered Level 10 of the Dungeon
 10313 | D:10     | Noticed a cyclops
 10355 | D:10     | Killed a cyclops
 10355 | D:10     | Reached XP level 10. HP: 61/81 MP: 14/17
 10490 | D:10     | Reached skill level 11 in Transmutations
 10526 | D:10     | Noticed a two-headed ogre
 10536 | D:10     | Killed a two-headed ogre
 10570 | D:10     | Noticed a gargoyle
 10576 | D:10     | Killed a gargoyle
 10576 | D:10     | Reached ** piety under Wu Jian
 10807 | D:10     | Noticed a gargoyle
 10824 | D:10     | Killed a gargoyle
 11182 | D:10     | Slain by a hornet

Levels and vault maps discovered:
D:1:      minmay_arrival_plants_in_alcoves, layout_loops_ring
D:2:      layout_basic, first_ration, bh_walls_and_bars
D:3:      layout_basic, chequers_ecumenical_altar_simple, st_stairs_9
D:4:      layout_rooms
D:5:      layout_gridville, nicolae_overflow_hidden_temple,
          grunt_dithmenos_smoke
D:6:      layout_cave_pools, serial_shops,
          nicolae_shop_competitors_out_of_business, uniq_blork_the_orc
D:7:      layout_basic, minmay_temple_entry_waves
D:8:      layout_rooms, grunt_temple_overflow_opulence, serial_shops,
          nicolae_shop_temple_entry_statues_fountains, shop, shop
D:9:      layout_cave_pools, gammafunk_temple_overflow_pools, serial_shops, shop
D:10:     minmay_recursive_quarters, layout_irregular_city,
          minmay_sticks_and_stones
Temple:   nicolae_temple_x_marks_the_god

Skill      XL: |  1  2  3  4  5  6  7  8  9 10 |
---------------+-------------------------------+-----
Dodging        | 2 3 4 5 6 |  6.1
Fighting       | 2 3 4 5 6 |  6.7
Unarmed Combat | 4 5 6 |  6.3
Spellcasting   | 3 5 |  5.0
Transmutations | 3 7 10 11 | 11.0

Action                   |  1- 3 |  4- 6 |  7- 9 | 10-12 || total
-------------------------+-------+-------+-------+-------++-------
Melee: Unarmed           |   163 |   253 |   367 |    85 ||   868
       Tailslap          |    14 |    10 |    17 |     4 ||    45
       Kick              |     6 |     9 |     2 |       ||    17
       Punch             |     2 |     1 |     1 |     1 ||     5
       Headbutt          |     6 |     2 |     3 |       ||    11
 Cast: Beastly Appendage |    17 |    11 |     5 |       ||    33
       Sticks to Snakes  |     1 |     3 |       |       ||     4
       Spider Form       |       |    10 |    25 |     1 ||    36
       Ice Form          |       |       |     3 |     1 ||     4
       Blade Hands       |       |       |     9 |     6 ||    15
Invok: Lunge             |       |       |     7 |     8 ||    15
       Whirlwind         |       |       |     5 |    36 ||    41
       Wall Jump         |       |       |       |     1 ||     1
Evoke: Wand              |       |       |       |     4 ||     4
  Use: Scroll            |     2 |     6 |     9 |       ||    17
       Potion            |       |       |     2 |     2 ||     4
 Stab: Sleeping          |     1 |       |       |       ||     1
       Confused          |       |       |       |     1 ||     1
  Eat: Chunk             |     7 |    10 |    14 |     3 ||    34
       Ration            |       |       |     2 |     1 ||     3
Armor: Skin              |    54 |    58 |    46 |    15 ||   173
Dodge: Dodged            |   101 |   197 |   298 |    59 ||   655

Table legend:
 A = Non-vault XP
 B = Vault XP
 C = Vault XP percentage of total XP
 D = Non-vault monster count
 E = Vault monster count
 F = Vault count percentage of total count
                 A         B        C        D         E       F
            +---------+---------+-------+---------+---------+-------
      Total |    5869 |    2595 |  30.7 |     176 |      13 |   6.9
            +---------+---------+-------+---------+---------+-------
        D:1 |      45 |       0 |   0.0 |      18 |       0 |   0.0
        D:2 |      46 |       0 |   0.0 |      14 |       0 |   0.0
        D:3 |     104 |       6 |   5.5 |      24 |       3 |  11.1
        D:4 |     449 |       0 |   0.0 |      24 |       0 |   0.0
        D:5 |     514 |       0 |   0.0 |      16 |       0 |   0.0
        D:6 |     693 |       0 |   0.0 |      14 |       0 |   0.0
        D:7 |    1055 |       0 |   0.0 |      20 |       0 |   0.0
        D:8 |    1098 |       0 |   0.0 |      21 |       0 |   0.0
        D:9 |     867 |       0 |   0.0 |       7 |       0 |   0.0
       D:10 |     998 |    2589 |  72.2 |      18 |      10 |  35.7
            +---------+---------+-------+---------+---------+-------
